 Dungeon Crawl Stone Soup version 0.30.1-9-gdf580d7c3d (webtiles) character file.

Game seed: 8505879867069866189

1132 melkoren the Chopper (level 8, -6/62 HPs)
             Began as a Demonspawn Gladiator on Oct 3, 2023.
             Was a Follower of Ru.
             Killed from afar by Maggie (18 damage)
             ... with a bolt of fire
             ... on level 7 of the Dungeon.
             The game lasted 00:14:18 (6417 turns).

melkoren the Chopper (Demonspawn Gladiator)         Turns: 6417, Time: 00:14:18

Health: -6/62      AC: 14    Str: 17    XL:     8   Next: 13%
Magic:  7/7        EV:  9    Int:  9    God:    Ru [*.....]
Gold:   236        SH:  0    Dex: 15    Spells: 7/7 levels left

rFire   . . .        j - +4 battleaxe (venom)
rCold   . . .        (shield currently unavailable)
rNeg    . . .        u - +0 chain mail
rPois   .            (helmet restricted)
rElec   .            s - +2 cloak
rCorr   .            (no gloves)
SInv    .            (no boots)
Will    .....        (no amulet) Stlth
                     (no ring)
HPRegen 0.30/turn    (no ring)
MPRegen 0.10/turn

%: no passive effects
@: confused, mighty, horrified, mesmerised
A: antennae 1, slimy green scales 1, low MP 1, spiny 2, cowardly, deterioration
1
a: Renounce Religion


You were on level 7 of the Dungeon.
You worshipped Ru.
Ru was aware of your devotion.
You visited 1 branch of the dungeon, and saw 7 of its levels.

You collected 383 gold pieces.
You spent 147 gold pieces at shops.

Inventory:

Hand Weapons
 a - a +0 war axe
 j - a +4 battleaxe of venom (weapon)
 y - the +6 shillelagh "Devastator" {shatter}
   (You found it on level 6 of the Dungeon)
Missiles
 d - 4 throwing nets (quivered)
 e - a javelin
Armour
 b - a +0 leather armour
 c - a +0 helmet
 f - a +0 buckler
 k - a +0 scale mail of poison resistance
 s - a +2 cloak (worn)
 u - a +0 chain mail (worn)
Magical Staves
 r - a staff of fire
Jewellery
 p - a +6 ring of intelligence
 v - a +4 ring of protection
Wands
 n - a wand of roots (3)
Scrolls
 g - 4 scrolls of amnesia
 l - 2 scrolls of magic mapping {unknown}
 o - a scroll of immolation {unknown}
 q - 3 scrolls of identify
 t - 4 scrolls of teleportation
 w - a scroll of torment {unknown}
Potions
 h - 8 potions of curing
 i - a potion of lignification
 x - a potion of degeneration {unknown}
 z - a potion of flight {unknown}
 A - a potion of berserk rage {unknown}


   Skills:
 + Level 5.0 Fighting
 + Level 5.0 Axes
 - Level 1.7 Throwing
 + Level 3.9 Armour
 + Level 5.0 Dodging
 - Level 2.0 Shields


You had 7 spell levels left.
You didn't know any spells.
Your spell library contained the following spells:

 Spells                   Type           Power      Damage    Failure   Level
 Blink                    Tloc           0%         N/A       99%         2
 Cigotuvi's Dreadful Rot  Necr/Pois/Air  0%         N/A       99%         2
 Lesser Beckoning         Tloc           0%         N/A       99%         2
 Momentum Strike          Conj/Tloc      0%         3d8       99%         2
 Static Discharge         Conj/Air       0%         2-2/arc   99%         2
 Dazzling Flash           Conj/Hex       0%         N/A       100%        3
 Ignite Poison            Fire/Tmut/Pois 0%         N/A       100%        3
 Vhi's Electric Charge    Tloc/Air       0%         N/A       100%        3
 Volatile Blastmotes      Fire/Tloc      0%         2d10      100%        3
 Airstrike                Air            0%         2d(0-16)  100%        4
 Iskenderun's Mystic Bla  Conj/Tloc      0%         2d3       100%        4
 Summon Ice Beast         Ice/Summ       0%         N/A       100%        4
 Summon Lightning Spire   Summ/Air       0%         N/A       100%        4
 Arcjolt                  Conj/Air       0%         1d10      100%        5
 Freezing Cloud           Conj/Ice/Air   0%         6-21      100%        5
 Summon Mana Viper        Hex/Summ       0%         N/A       100%        5
 Plasma Beam              Fire/Air       0%         2x1d11    100%        6
 Starburst                Conj/Fire      0%         6d3       100%        6
 Monstrous Menagerie      Summ           0%         N/A       100%        7


Dungeon Overview and Level Annotations

Branches:
Dungeon (7/15)             Temple (0/1) D:4

Altars:
Cheibriados
Ru
Uskayaw

Shops:
D:2 ?

Annotations:
D:7 Maggie


Innate Abilities, Weirdness & Mutations

You have a pair of small antennae on your head.
You are partially covered in slimy green scales. (AC +2)
Your magical capacity is low. (-10% MP)
You are mostly covered in sharp spines.
Your cowardice makes you less effective in combat with threatening foes.
Your body sometimes deteriorates upon taking damage.


Message History

Maggie shouts!
Maggie gestures wildly while chanting.
Maggie attempts to bespell you!
You are mesmerised by Maggie!
You feel a twist of horror at the sight of this foe.
Okay, then.
Maggie zaps a wand.
You resist with some effort.
Maggie hits you with a +1 heavy glaive!!
Okay, then.
Okay, then.
Okay, then.
You closely miss Maggie.
Maggie casts a spell.
Maggie draws you further into her thrall.
You barely miss Maggie. Maggie hits you with a +1 heavy glaive!
You hit Maggie but do no damage.
Maggie is poisoned.
Maggie points at you and mumbles some strange words.
The bolt of fire misses you.
You slash Maggie!
Maggie looks as sick as possible!
Maggie is moderately wounded.
Maggie zaps a wand.
Your will is overpowered!
You are confused.
Maggie hits you with a +1 heavy glaive!
* * * LOW HITPOINT WARNING * * *
You closely miss Maggie.
Maggie is moderately wounded.
Maggie is struck by your spines. Maggie closely misses you.
Okay, then.
You are too confused!
It was a potion of might.
You feel very mighty all of a sudden.
You closely miss Maggie.
Maggie is heavily wounded.
Maggie zaps a wand.
You resist with some effort.
Maggie zaps a wand.
Your will is overpowered!
You are more confused.
You hit Maggie.
Maggie looks as sick as possible!
Maggie is severely wounded.
Maggie casts a spell at you. The bolt of fire hits you!!
You die...

#..#######.#
#.......<
#.####........
#...##........
###...........
####.##+##..
#.....#
#.##..#
#.##..#
#@##....
#@##..###
#.###.. #.#
### #.# ..#
... .##


You could see Maggie (mesmerising, extremely poisoned).

Vanquished Creatures
  Menkaure (D:5)
  A sky beast (D:5)
  A black bear (D:6)
  2 ogres
  A bullfrog (D:6)
  2 scorpions
  A killer bee (D:4)
  An orc priest (D:4)
  4 hounds
  Crazy Yiuf (D:6)
  2 iguanas (D:6)
  2 orc wizards
  4 gnolls (D:2)
  5 adders
  An ufetubus (D:5)
  3 dart slugs
  7 orcs
  4 ball pythons
  5 endoplasms
  3 giant cockroaches
  9 goblins
  5 hobgoblins
  3 quokkas (D:4)
  3 bats
  A frilled lizard (D:1)
  5 kobolds
  6 rats
83 creatures vanquished.

Notes
Turn   | Place    | Note
-------+----------+-------------------------------------------
     0 | D:1      | melkoren the Demonspawn Gladiator began the quest for the
                  | Orb.
     0 | D:1      | Reached XP level 1. HP: 16/16 MP: 1/1
   263 | D:1      | Found a faded altar of an unknown god.
   301 | D:1      | Prayed at the altar of an unknown god.
   301 | D:1      | Became a worshipper of Ru the Awakened
   312 | D:1      | Gained mutation: Your magical capacity is low. (-10% MP)
                  | [Ru sacrifice]
   508 | D:1      | Gained mutation: You are partially covered in sharp spines.
                  | [demonic ancestry]
   508 | D:1      | Reached XP level 2. HP: 22/22 MP: 1/1
   913 | D:1      | Reached skill level 1 in Shields
   967 | D:1      | Identified a scroll of acquirement
   967 | D:1      | Acquired a +2 battleaxe of venom
   998 | D:2      | Found Locwuu's Magic Scroll Boutique.
  1366 | D:2      | Reached XP level 3. HP: 20/27 MP: 2/2
  1387 | D:2      | Reached skill level 1 in Armour
  1387 | D:2      | Gained mutation: You are partially covered in slimy green
                  | scales. (AC +2) [demonic ancestry]
  1387 | D:2      | Reached XP level 4. HP: 22/34 MP: 3/3
  1774 | D:2      | You fall into a shaft and drop 1 floor!
  1816 | D:3      | Gained mutation: Your body sometimes deteriorates upon
                  | taking damage. [potion of mutation]
  2894 | D:2      | Bought a scroll of blinking for 105 gold pieces
  2894 | D:2      | Bought a scroll of teleportation for 42 gold pieces
  3121 | D:4      | Noticed an ogre
  3127 | D:4      | Killed an ogre
  3128 | D:4      | Gained mutation: You have a pair of small antennae on your
                  | head. [demonic ancestry]
  3128 | D:4      | Reached XP level 5. HP: 41/41 MP: 4/4
  3152 | D:4      | Found a staircase to the Ecumenical Temple.
  3340 | D:4      | Reached XP level 6. HP: 47/47 MP: 5/5
  3627 | D:4      | Found a hide-covered altar of Uskayaw.
  3818 | D:4      | Gained mutation: Your cowardice makes you less effective in
                  | combat with threatening foes. [Ru sacrifice]
  3818 | D:4      | Reached * piety under Ru
  3857 | D:5      | Entered Level 5 of the Dungeon
  3953 | D:5      | Noticed Menkaure
  3964 | D:5      | Killed Menkaure
  4355 | D:5      | Noticed a sky beast
  4357 | D:5      | Reached XP level 7. HP: 54/54 MP: 6/6
  4812 | D:5      | Found a snail-covered altar of Cheibriados.
  4816 | D:5      | Found a sacrificial altar of Ru.
  5467 | D:6      | Identified the +9 hammer "Doxoh" {protect, +Blink rElec
                  | Str-3}
  5469 | D:6      | Found a runed translucent door.
  5469 | D:6      | Found the +6 shillelagh "Devastator" {shatter}
  5470 | D:6      | Noticed Crazy Yiuf
  5584 | D:6      | Reached skill level 5 in Axes
  5584 | D:6      | Gained mutation: You are mostly covered in sharp spines.
                  | [demonic ancestry]
  5584 | D:6      | Reached XP level 8. HP: 8/61 MP: 7/7
  6258 | D:6      | Killed Crazy Yiuf
  6259 | D:6      | Reached skill level 5 in Fighting
  6364 | D:7      | Reached skill level 5 in Dodging
  6406 | D:7      | Noticed Maggie
  6417 | D:7      | Killed from afar by Maggie

Illustrated notes

Levels and vault maps discovered:
D:1:      minmay_arrival_loop, layout_basic, hellmonk_ecumenical_altar_zigzags,
          wander_ebering_terrifying_dragon_lair
D:2:      layout_rooms, serial_shops, nicolae_shop_peninsula
D:3:      layout_loops_ring, elyvilon_altar_3, nicolae_titane
D:4:      minmay_door_path, layout_cave_pools,
          nicolae_uskayaw_murder_on_the_dancefloor,
          minmay_temple_entry_purple_smoke, minmay_misc_feat_ornament,
          chequers_serial_rivers_micro_e
D:5:      layout_gridville, minitemple, uniq_menkaure
D:6:      layout_loops_ring, hangedman_minor_gate_pass, uniq_crazy_yiuf_cottage
D:7:      layout_basic, mainiacjoe_overflow_alcove_2, minmay_misc_feat_square,
          minmay_shop_grid_forest, kennysheep_nondescript, uniq_maggie,
          uniq_prince_ribbit1

Skill      XL: |  1  2  3  4  5  6  7  8 |
---------------+-------------------------+-----
Shields        | 1 2 |  2.0
Axes           | 3 4 5 |  5.0
Dodging        | 3 4 5 |  5.0
Armour         | 1 2 3 |  3.9
Fighting       | 3 4 5 |  5.0
Throwing       | |  1.7

Action                     |  1- 3 |  4- 6 |  7- 9 || total
---------------------------+-------+-------+-------++-------
  Melee: War axe           |    37 |       |       ||    37
         Battleaxe         |    18 |    56 |    52 ||   126
 Invoke: Sacrifice Essence |     1 |       |       ||     1
         Sacrifice Courage |       |     1 |       ||     1
    Use: Scroll            |     4 |     5 |     1 ||    10
         Potion            |       |     2 |     1 ||     3
 Armour: Scale mail        |    14 |     4 |       ||    18
         Leather armour    |     2 |       |       ||     2
         Chain mail        |       |    22 |    32 ||    54
  Dodge: Dodged            |    28 |    22 |    16 ||    66
  Block: Buckler           |    10 |       |       ||    10
